 Dungeon Crawl Stone Soup version 0.31.0-7-gf635a9b802 (webtiles) character file.

Game seed: 9375779810824807503

32 Warped the Ruffian (level 3, -3/19 HPs)
             Began as a Vine Stalker Fighter on Jan 24, 2024.
             Slain by Terence
             ... wielding a +0 flail of protection
              (7 damage)
             ... on level 2 of the Dungeon.
             The game lasted 00:00:52 (648 turns).

Warped the Ruffian (Vine Stalker Fighter)            Turns: 648, Time: 00:00:53

Health: -3/19      AC:  6    Str: 20    XL:     3   Next: 27%
Magic:  0/4        EV:  9    Int: 14    God:
Gold:   74         SH:  4    Dex: 13    Spells: 2/2 levels left

rFire   . .          .
                       - Unarmed
rCold   . . .        b - +0 buckler
rNeg    . . .        a - +0 scale mail
rPois   .            (no helmet)
rElec   .            (no cloak)
rCorr   .            (no gloves)
SInv    .            (no boots)
Will    .....        (no amulet) Stlth
                     h - +6 ring of intelligence
HPRegen 1.03/turn    (no ring)
MPRegen 0.09/turn

%: guardian spirit
@: mighty, attractive
A: fangs 2, regeneration 1, magic shield, antimagic bite, no potion heal 2
a: no special abilities


You were on level 2 of the Dungeon.
You visited 1 branch of the dungeon, and saw 2 of its levels.

You collected 74 gold pieces.

Inventory:

Hand Weapons
 d - a +3 short sword
 l - a +0 sling
Armour
 a - a +0 scale mail (worn)
 b - a +0 buckler (worn)
Jewellery
 h - a +6 ring of intelligence (left hand)
Scrolls
 e - a scroll of silence {unknown}
 g - 2 scrolls of identify {unknown}
 j - a scroll of enchant weapon {unknown}
Potions
 i - a potion of curing {unknown}
 k - a potion of resistance {unknown}


   Skills:
 + Level 2.8 Fighting
 - Level 2.4 Armour
 - Level 2.6 Shields
 * Level 3.4 Unarmed Combat


You had 2 spell levels left.
You didn't know any spells.
Your spell library was empty.

Dungeon Overview and Level Annotations

Branches:
Dungeon (2/15)

Altars:

Annotations:
D:2 Terence


Innate Abilities, Weirdness & Mutations

You have extremely sharp teeth.
Your natural rate of healing is unusually fast.
When hurt, damage is shared between your health and your magic reserves.
Your bite disrupts and absorbs the magic of your enemies.
Potions cannot restore your health.


Message History

Terence barely misses you.
You hit Terence but do no damage.
Terence is moderately wounded.
Terence hits you with a +0 flail of protection.
You hit Terence. Your bite misses Terence.
Terence is moderately wounded.
Terence hits you but does no damage.
You hit Terence. Your bite misses Terence.
Terence is heavily wounded.
Terence hits you with a +0 flail of protection.
You closely miss Terence. You bite Terence, but do no damage.
Terence is heavily wounded.
Terence barely misses you.
You barely miss Terence.
Terence is heavily wounded.
You hit Terence. You bite Terence. You drain his power.
You feel invigorated.
Terence is severely wounded.
Terence hits you with a +0 flail of protection!
You closely miss Terence.
Terence is severely wounded.
Terence hits you with a +0 flail of protection.
You are too injured to fight recklessly!
You are too injured to fight recklessly!
You are too injured to fight recklessly!
You barely miss Terence. You bite Terence, but do no damage.
Terence is severely wounded.
Terence hits you with a +0 flail of protection. x2
* * * LOW HITPOINT WARNING * * *
You closely miss Terence. You bite Terence, but do no damage.
Terence is severely wounded.
Okay, then.
Terence hits you with a +0 flail of protection.
* * * LOW HITPOINT WARNING * * *
It was a potion of attraction.
You feel attractive to monsters. Terence barely misses you.
You feel very mighty all of a sudden.
Terence hits you with a +0 flail of protection!
You die...
Terence says, "Rest in peace."

#. ..## #.
#.#.## #.
..... #.
#... #. #..#
#. #..#
.#####.##..#
........@.)#
#######.#@##
#.#.# #.#.#
#.#.# #.#.#
#########
#.#.#
##........
#.#.###...##
#.......#..#
###.###..<.#


You could see Terence.

Vanquished Creatures
  2 dart slugs (D:1)
  2 bats (D:1)
  An endoplasm (D:1)
  2 giant cockroaches (D:1)
  3 goblins (D:1)
  A hobgoblin (D:1)
  3 jackals (D:1)
  A quokka (D:1)
  3 ball pythons (D:1)
  6 frilled lizards (D:1)
  2 kobolds (D:1)
26 creatures vanquished.

Notes
Turn   | Place    | Note
-------+----------+-------------------------------------------
     0 | D:1      | Warped the Vine Stalker Fighter began the quest for the
                  | Orb.
     0 | D:1      | Reached XP level 1. HP: 11/11 MP: 2/2
   159 | D:1      | Reached XP level 2. HP: 13/16 MP: 3/3
   187 | D:1      | Reached skill level 3 in Unarmed Combat
   277 | D:1      | Reached XP level 3. HP: 19/19 MP: 2/4
   627 | D:2      | Noticed Terence
   648 | D:2      | Slain by Terence

Illustrated notes

Levels and vault maps discovered:
D:1:      roadster_arrival_rocket_large, layout_rooms
D:2:      layout_loops_ring, serial_shops, nicolae_shop_window_shopping,
          minmay_crystal_room, minmay_pentomino_r4, uniq_terence

Skill      XL: |  1  2 |
---------------+-------+-----
Unarmed Combat | 3 |  3.4
Fighting       | |  2.8
Armour         | |  2.4
Shields        | |  2.6

Action                     || total
---------------------------++-------
  Melee: Unarmed           ||    82
         Bite              ||    14
    Use: Potion            ||     2
 Armour: Scale mail        ||    53
  Dodge: Dodged            ||    37
  Block: Buckler           ||    19
